 Dungeon Crawl Stone Soup version 0.20.1-1-g8b1a95d (webtiles) character file.

19055 homeworkjunkie the Cleaver (level 12, -5/106 HPs)
             Began as a Hill Orc Fighter on Nov 26, 2017.
             Was a High Priest of Okawaru.
             Slain by a freezing wraith (10 damage)
             ... led by a death knight
             ... on level 15 of the Dungeon.
             The game lasted 00:21:25 (10477 turns).

homeworkjunkie the Cleaver (Hill Orc Fighter)      Turns: 10477, Time: 00:21:26

Health: -5/106     AC: 24    Str: 22    XL:     12   Next: 65%
Magic:  27/27      EV:  5    Int: 13    God:    Okawaru [*****.]
Gold:   258        SH: 18    Dex: 15    Spells: 15/15 levels left

rFire    x . .     SeeInvis .   a - +2 war axe
rCold    . . .     Gourm    .   c - +0 shield
rNeg     . . .     Faith    .   m - +0 crystal plate armour of Orthodoxy {rElec rF- Slay+5 Stlth+}
rPois    +         Spirit   .   d - +3 hat of Pondering {ponderous, MR+ MP+10 Int+5}
rElec    +         Reflect  +   (no cloak)
rCorr    .         Harm     .   (no gloves)
MR       ++...                  g - +0 pair of boots
Stlth    ..........             G - +6 amulet of reflection
Regen    0.3/turn               q - ring of protection from magic
MPRegen  0.2/turn               s - +3 ring of dexterity

@: hasted and slowed, slow
A: sense surroundings 1, poison resistance
a: Heroism, Finesse, Renounce Religion


You were on level 15 of the Dungeon.
You worshipped Okawaru.
Okawaru was extremely pleased with you.
You were full.

You visited 2 branches of the dungeon, and saw 14 of its levels.
You also visited: Sewer.

You collected 662 gold pieces.
You spent 404 gold pieces at shops.

Inventory:

Hand Weapons
 a - a +2 war axe (weapon)
 C - a +4 scimitar of flaming
Armour
 c - a +0 shield (worn)
 d - the +3 hat of Pondering (worn) {ponderous, MR+ MP+10 Int+5}
   (You took it off Gastronok on level 10 of the Dungeon)

   It affects your intelligence (+5).
   It affects your resistance to hostile enchantments.
   It affects your magic capacity (+10).
 g - a +0 pair of boots (worn)
 m - the +0 crystal plate armour of Orthodoxy (worn) {rElec rF- Slay+5 Stlth+}
   (Okawaru gifted it to you on level 10 of the Dungeon)

   It affects your accuracy and damage with ranged weapons and melee attacks
   (+5).
   It makes you vulnerable to fire.
   It insulates you from electricity.
   It makes you more stealthy.
Jewellery
 i - an uncursed ring of magical power
 q - a ring of protection from magic (left hand)
 s - a +3 ring of dexterity (right hand)
 x - an uncursed ring of resist corrosion
 G - a +6 amulet of reflection (around neck)
Wands
 n - a wand of lightning (7/15)
 w - a wand of confusion (35/48)
 A - a wand of iceblast (9/15)
Scrolls
 b - 6 scrolls of blinking
 j - 8 scrolls of teleportation
 u - a scroll of recharging
 v - a scroll of fog
 y - 4 scrolls of remove curse
 H - a scroll of fear
Potions
 e - 6 potions of magic
 h - 6 potions of curing
 k - 4 potions of flight
 l - a potion of resistance
 o - a potion of heal wounds
 p - 5 potions of mutation
Comestibles
 f - 6 bread rations
 r - 2 meat rations


   Skills:
 * Level 10.2 Fighting
 * Level 14.7 Axes
 + Level 2.5 Throwing
 * Level 9.8 Armour
 + Level 3.6 Dodging
 + Level 2.4 Stealth
 * Level 10.3 Shields
 + Level 3.0 Unarmed Combat
 + Level 2.0 Spellcasting
 * Level 6.8 Evocations


You had 15 spell levels left.
You didn't know any spells.

Dungeon Overview and Level Annotations

Branches:
Dungeon (15/15)            Temple (1/1) D:7            Lair (0/6) D:11
 Depths (0/5) D:15
    Orc: D:9-12      Vaults: D:13-14

Altars:
Cheibriados
Dithmenos
Elyvilon
Hepliaklqana
Okawaru
Qazlal
Ru
Sif Muna
Trog
Uskayaw
Vehumet
Xom
Yredelemnul
Zin

Shops:
D:5 !   D:7 =   D:8 *!   D:9 (   D:10 !

Annotations:
D:10 1 runed door
D:15 exclusion: obsidian statue


Innate Abilities, Weirdness & Mutations

You passively map a small area around you.
Your system is resistant to poisons. (rPois)


Message History

You block the skeletal warrior's attack.
The death knight hits you but does no damage.
You block the skeletal warrior's attack.
You are too injured to fight recklessly!
You closely miss the freezing wraith.
The freezing wraith is lightly damaged.
The freezing wraith hits you but does no damage. x2
You hit the freezing wraith but do no damage.
The freezing wraith is lightly damaged.
The freezing wraith hits you! The freezing wraith freezes you!!
* * * LOW HITPOINT WARNING * * *
You block the freezing wraith's attack.
The skeletal warrior hits you from afar with a trident!
* * * LOW HITPOINT WARNING * * *
You hit the freezing wraith.
The freezing wraith is moderately damaged.
The freezing wraith hits you.
* * * LOW HITPOINT WARNING * * *
The freezing wraith freezes you!
You die...

,,,,*,,*,** * ,,,,,,**..** *
,,,,,****.,* ********* ,,,,,*
*#.* *,,,,,,,, ,,,,** #.###
**,,,,,,,, ,,,,*** *...##
*####**.,,,,,,,, ,,,,,,* *##..#
*...,,..,,,,,,,, ,,,,,,*
#...####.###..#,,,,,,,, *,,_,,*
#...WW@..#...#*,,,,,,,, *,,,,**
#..pz###....###,**,,,** *,,***
#.....##ยง....$.,,,,,,* *,**
#.....<........,,,,,,* *,*
#...#........(),,,,,** ,,*
#######........,,,,,**
*,*************,..#......,,,,,,**
*,,,,,,,,,,,,,,,##......8,,,,,,*,
,,,******,**,*****......$,,,,,,,,


You could see a death knight, a skeletal warrior and 2 freezing wraiths.

Vanquished Creatures
  Gastronok (D:10)
  Snorg (D:10)
  Erolcha (D:9)
  Harold (D:10)
  Erica (D:8)
  4 two-headed ogres
  A phantasmal warrior (D:15)
  The ghost of bmj180 the Slasher, a novice MiFi (D:4)
  2 gargoyles
  A centaur skeleton (D:10)
  4 trolls
  Prince Ribbit (D:8)
  A hippogriff (D:9)
  A water elemental (D:11)
  10 yaks
  A wyvern (D:9)
  3 hogs (D:7)
  A human (D:7)
  A hungry ghost (D:9)
  2 water moccasins
  4 ice beasts
  2 orc warriors
  A black bear (D:6)
  2 phantoms
  2 necrophages
  7 centaurs
  5 wolves (D:11)
  A big kobold (D:8)
  A crocodile (D:10)
  8 bullfrogs
  A water moccasin zombie (D:6)
  4 scorpions
  4 killer bees
  5 wights (D:9)
  A howler monkey (D:10)
  3 electric eels (D:11)
  4 crimson imps
  3 quasits (D:10)
  6 hounds
  4 bullfrog skeletons
  7 orc priests
  3 jellies
  8 orc wizards
  11 worker ants
  A hound skeleton (D:8)
  2 river rats (D:3)
  9 adders
  2 shadow imps
  7 oozes
  3 adder skeletons
  4 worms
  A dart slug (D:2)
  8 leopard geckos
  24 orcs
  10 giant cockroaches
  4 goblins
  4 hobgoblins
  11 jackals
  4 quokkas
  4 ball pythons
  13 bats
  5 frilled lizards
  A jackal zombie (D:8)
  9 kobolds
  A quokka zombie (D:5)
  5 rats
268 creatures vanquished.

Vanquished Creatures (others)
  A centaur warrior (D:14)
  3 centaurs
  A centaur skeleton (D:7)
  An iguana (D:7)
6 creatures vanquished.

Grand Total: 274 creatures vanquished

Notes
Turn   | Place    | Note
-------+----------+-------------------------------------------
     0 | D:1      | homeworkjunkie the Hill Orc Fighter began the quest for the Orb.
     0 | D:1      | Reached XP level 1. HP: 19/19 MP: 1/1
   201 | D:2      | Reached XP level 2. HP: 24/26 MP: 2/2
   391 | D:3      | Reached skill level 3 in Axes
   594 | D:3      | Found a faded altar of an unknown god.
   602 | D:3      | Found a glowing drain.
   609 | D:3      | Reached XP level 3. HP: 22/33 MP: 3/3
   634 | Sewer    | Entered a sewer
  1014 | Sewer    | Reached XP level 4. HP: 40/40 MP: 4/4
  1242 | Sewer    | Reached skill level 4 in Axes
  2291 | D:4      | Found a snail-covered altar of Cheibriados.
  2341 | D:4      | Reached XP level 5. HP: 46/46 MP: 5/5
  2899 | D:1      | Gained mutation: You are dopey. (Int -2) [potion of mutation]
  2899 | D:1      | Gained mutation: You have sharp fingernails. [potion of mutation]
  2899 | D:1      | Gained mutation: You have large cloven feet. [potion of mutation]
  3248 | D:4      | Noticed bmj180's ghost (novice MiFi)
  3270 | D:4      | Reached skill level 5 in Axes
  3284 | D:4      | Killed bmj180's ghost
  3284 | D:4      | Reached skill level 7 in Axes
  3284 | D:4      | Reached skill level 5 in Armour
  3284 | D:4      | Reached skill level 5 in Shields
  3284 | D:4      | Reached XP level 6. HP: 13/55 MP: 6/6
  3284 | D:4      | Reached XP level 7. HP: 14/60 MP: 7/7
  3595 | D:5      | Entered Level 5 of the Dungeon
  3729 | D:5      | Found Itasm's Distillery.
  4232 | D:5      | Bought a potion of mutation for 88 gold pieces
  4232 | D:5      | Lost mutation: You have large cloven feet. [potion of mutation]
  4232 | D:5      | Lost mutation: You are dopey. (Int -2) [potion of mutation]
  4232 | D:5      | Lost mutation: You have sharp fingernails. [potion of mutation]
  4232 | D:5      | Gained mutation: You passively map a small area around you. [potion of mutation]
  4232 | D:5      | Gained mutation: Your system is resistant to poisons. (rPois) [potion of mutation]
  4248 | D:5      | Reached skill level 5 in Fighting
  4346 | D:5      | Found a shadowy altar of Dithmenos.
  4495 | D:5      | Reached skill level 9 in Axes
  4495 | D:5      | Reached XP level 8. HP: 73/73 MP: 7/11
  4715 | D:6      | Reached XP level 9. HP: 66/79 MP: 12/12
  5037 | D:6      | Reached skill level 10 in Axes
  5182 | D:6      | Found a bloodstained altar of Trog.
  5182 | D:6      | Found a hazy altar of Hepliaklqana.
  5960 | D:7      | Found Gopoetoch's Jewellery Shoppe.
  5977 | D:7      | Bought a +3 ring of dexterity for 251 gold pieces
  6146 | D:7      | Found a staircase to the Ecumenical Temple.
  6155 | Temple   | Entered the Ecumenical Temple
  6189 | Temple   | Became a worshipper of Warmaster Okawaru
  6262 | D:7      | Reached skill level 11 in Axes
  6262 | D:7      | Reached XP level 10. HP: 78/87 MP: 13/13
  6280 | D:7      | Reached * piety under Okawaru
  6369 | D:8      | Found Oralu's Distillery.
  6585 | D:8      | Noticed Erica
  6601 | D:8      | Killed Erica
  6601 | D:8      | Reached ** piety under Okawaru
  6716 | D:8      | Found a basalt altar of Yredelemnul.
  6745 | D:8      | Found a hide-covered altar of Uskayaw.
  6770 | D:8      | Noticed a hand axe
  6770 | D:8      | Noticed a dagger
  6865 | D:8      | Reached skill level 5 in Evocations
  7176 | D:8      | Found Lyror's General Store.
  7284 | D:8      | Noticed Prince Ribbit
  7285 | D:8      | Noticed a two-headed ogre
  7295 | D:8      | Killed a two-headed ogre
  7295 | D:8      | Reached *** piety under Okawaru
  7295 | D:8      | Reached skill level 12 in Axes
  7303 | D:8      | Killed Prince Ribbit
  7468 | D:10     | Entered Level 10 of the Dungeon
  7557 | D:9      | Noticed a two-headed ogre
  7569 | D:9      | Killed a two-headed ogre
  7569 | D:9      | Reached XP level 11. HP: 60/94 MP: 14/14
  7574 | D:9      | Reached **** piety under Okawaru
  7748 | D:9      | Found Weutseot's Weapon Boutique.
  7847 | D:9      | Noticed a two-headed ogre
  7857 | D:9      | Killed a two-headed ogre
  7931 | D:9      | Noticed Erolcha
  7935 | D:9      | Killed Erolcha
  8087 | D:9      | Reached ***** piety under Okawaru
  8325 | D:11     | Reached skill level 13 in Axes
  8403 | D:10     | Noticed Gastronok
  8408 | D:10     | Noticed Harold
  8421 | D:10     | Killed Gastronok
  8421 | D:10     | Received a gift from Okawaru
  8421 | D:10     | Received a gift from Okawaru
  8784 | D:10     | Received a gift from Okawaru
  8786 | D:10     | Killed Harold
  8786 | D:10     | Reached XP level 12. HP: 29/104 MP: 16/16
  8803 | D:10     | Got an ichor-stained crystal plate armour {god gift}
  9103 | D:10     | Identified the +0 crystal plate armour of Orthodoxy {rElec rF- Slay+5 Stlth+} (Okawaru gifted it to you on level 10 of the Dungeon)
  9311 | D:10     | Found a stormy altar of Qazlal.
  9313 | D:10     | Noticed Snorg
  9319 | D:10     | Noticed a two-headed ogre
  9331 | D:10     | Killed a two-headed ogre
  9332 | D:10     | Killed Snorg
  9332 | D:10     | Reached skill level 14 in Axes
  9653 | D:10     | Found a runed door.
  9665 | D:10     | Found a runed door.
  9765 | D:10     | Found Bapyge's Distillery.
  9771 | D:10     | Bought a potion of heal wounds for 65 gold pieces
  9924 | D:11     | Reached skill level 10 in Shields
 10002 | D:11     | Found a staircase to the Lair.
 10016 | D:11     | Reached skill level 10 in Fighting
 10350 | D:11     | You fall through a shaft for 3 floors!
 10352 | D:14     | Noticed a centaur warrior
 10389 | D:14     | Noticed a centaur warrior
 10392 | D:14     | Killed a centaur warrior
 10452 | D:15     | Entered Level 15 of the Dungeon
 10455 | D:15     | Noticed a death knight
 10477 | D:15     | HP: 5/106 [freezing wraith[a death knight] (4)]
 10477 | D:15     | Slain by a freezing wraith

Skill      XL: |  1  2  3  4  5  6  7  8  9 10 11 12 |
---------------+-------------------------------------+-----
Axes           | 3 4 7 9 11 12 13 14 | 14.7
Armour         | 4 5 7 8 9 |  9.8
Shields        | 4 5 7 8 9 10 | 10.3
Fighting       | 4 7 8 9 10 | 10.2
Throwing       | 2 |  2.5
Dodging        | 3 |  3.6
Stealth        | 2 |  2.4
Unarmed Combat | 3 |  3.0
Spellcasting   | 2 |  2.0
Evocations     | 4 5 6 |  6.8

Action                   |  1- 3 |  4- 6 |  7- 9 | 10-12 || total
-------------------------+-------+-------+-------+-------++-------
Melee: War axe           |   101 |   157 |   269 |   512 ||  1039
       Kick              |       |    11 |     8 |       ||    19
Evoke: Wand              |       |       |     6 |    17 ||    23
  Use: Scroll            |     2 |     8 |     6 |    13 ||    29
       Potion            |       |     5 |     3 |     9 ||    17
  Eat: Bread ration      |       |     2 |       |     2 ||     4
       Royal jelly       |       |     1 |     1 |     7 ||     9
       Fruit             |       |     2 |       |       ||     2
       Meat ration       |       |       |     1 |       ||     1
Armor: Chain mail        |   110 |    67 |       |       ||   177
       Skin              |       |    11 |       |       ||    11
       Plate armour      |       |    31 |   158 |   131 ||   320
       Crystal plate arm |       |       |       |    62 ||    62
Dodge: Dodged            |    32 |    40 |    56 |    64 ||   192
Block: Shield            |    86 |   123 |   133 |   423 ||   765
       Reflection        |       |       |       |    42 ||    42
